APP
PULASKI YANKEES @ BALTIMORE (APP) ORIOLES
10/17/2049
 
TOP OF THE 1ST
Baltimore (APP) Orioles batting - Pitching for Pulaski Yankees : LHP Juan Becerra
Pitching: LHP Juan Becerra
Batting: RHB Rafael Medina 0-0: Ball
1-0: Called Strike
1-1: Fly out, F1 (Line Drive, P, EV 70.6 MPH)
Batting: RHB Eric Meijerink 0-0: Fly out, F9 (Flyball, 9, EV 88.8 MPH)
Batting: LHB Stu Sornson 0-0: Swinging Strike
0-1: Swinging Strike
0-2: Ball
1-2: SINGLE (Groundball, 34D, EV 106.9 MPH)
Batting: RHB Omar Mascarenas 0-0: Called Strike
Stu Sornson steals 2nd base
0-1: Ball
1-1: Ball
2-1: Ball
3-1: Swinging Strike
3-2: Strikes out swinging
Top of the 1st over - 0 runs, 1 hit, 0 errors, 1 left on base; Baltimore (APP) 0 - Pulaski 0
BOTTOM OF THE 1ST
Pulaski Yankees batting - Pitching for Baltimore (APP) Orioles : RHP Justin Bright
Pitching: RHP Justin Bright
Batting: LHB Aaron Caron 0-0: Foul Ball, location: 2F
0-1: Foul Ball, location: 2F
0-2: Foul Ball, location: 2F
0-2: Ball
1-2: Foul Ball, location: 2F
1-2: Ball
2-2: Foul Ball, location: 2F
2-2: SINGLE (Groundball, 34D, EV 100.6 MPH)
Batting: RHB Stephen Charbonneau 0-0: Called Strike
0-1: Ball
1-1: SINGLE (Groundball, 6D, EV 103.8 MPH)
Aaron Caron to second
Batting: LHB Yao-pang Tien 0-0: Ball
1-0: Foul Ball, location: 2F
1-1: Foul Ball, location: 2F
1-2: Ball
2-2: Ball
3-2: Foul Ball, location: 2F
3-2: Fly out, F4 (Flyball, 34D, EV 74.4 MPH)
Batting: LHB Javier Casas 0-0: Called Strike
0-1: Swinging Strike
0-2: Ball
1-2: Reached on error, E3 (Groundball, 3L, EV 77.5 MPH)
Aaron Caron to third
Stephen Charbonneau to second
Batting: LHB Jelle Meppelink 0-0: Foul Ball, location: 2F
0-1: Ball
1-1: Foul Ball, location: 2F
1-2: Ball
2-2: Ball
3-2: Foul Ball, location: 2F
3-2: Fly out, F6 (Popup, 6MD, EV 42.5 MPH)
Batting: RHB Miguel Leal 0-0: Called Strike
0-1: Ball
1-1: Swinging Strike
1-2: Strikes out looking
Bottom of the 1st over - 0 runs, 2 hits, 1 error, 3 left on base; Baltimore (APP) 0 - Pulaski 0
TOP OF THE 2ND
Baltimore (APP) Orioles batting - Pitching for Pulaski Yankees : LHP Juan Becerra
Batting: RHB Sean Ward 0-0: Ground out 6-3 (Groundball, 6, EV 101.9 MPH)
Batting: RHB Andres Cervantes 0-0: Ball
1-0: Ball
2-0: Ball
3-0: Base on Balls
Batting: RHB Joel Escalera 0-0: Foul Ball, location: 2F
0-1: Foul Ball, location: 2F
0-2: SINGLE (Groundball, 56D, EV 101.9 MPH)
Andres Cervantes to second
Batting: RHB Evan Combs 0-0: Hit by Pitch
Andres Cervantes to third
Joel Escalera to second
Batting: RHB Brett Steele 0-0: Foul Ball, location: 2F
0-1: Ball
1-1: Ball
2-1: Fielders Choice at 2nd, 3-6 (Groundball, 3, EV 86.9 MPH)
Andres Cervantes scores
Joel Escalera to third
Batting: RHB Rafael Medina 0-0: Swinging Strike
0-1: Ball
1-1: Ball
2-1: Fly out, F2 (Popup, 23F, EV 79.4 MPH)
Top of the 2nd over - 1 run, 1 hit, 0 errors, 2 left on base; Baltimore (APP) 1 - Pulaski 0
BOTTOM OF THE 2ND
Pulaski Yankees batting - Pitching for Baltimore (APP) Orioles : RHP Justin Bright
Batting: RHB Raul Bueno 0-0: Fly out, F9 (Flyball, 89S, EV 83.1 MPH)
Batting: SHB Ramon Landeros 0-0: Ball
1-0: Called Strike
1-1: Ball
2-1: Swinging Strike
2-2: Strikes out swinging
Batting: RHB Gomes Povoena 0-0: Ball
1-0: Foul Ball, location: 2F
1-1: Called Strike
1-2: Foul Ball, location: 2F
1-2: Ball
2-2: Foul Ball, location: 2F
2-2: Foul Ball, location: 2F
2-2: Foul Ball, location: 2F
2-2: Strikes out looking
Bottom of the 2nd over - 0 runs, 0 hits, 0 errors, 0 left on base; Baltimore (APP) 1 - Pulaski 0
TOP OF THE 3RD
Baltimore (APP) Orioles batting - Pitching for Pulaski Yankees : LHP Juan Becerra
Batting: RHB Eric Meijerink 0-0: Ball
1-0: Ball
2-0: Called Strike
2-1: Called Strike
2-2: Ball
3-2: Ground out 4-3 (Groundball, 4, EV 92.5 MPH)
Batting: LHB Stu Sornson 0-0: Called Strike
0-1: Foul Ball, location: 2F
0-2: Ball
1-2: Strikes out swinging
Batting: RHB Omar Mascarenas 0-0: Hit by Pitch
Batting: RHB Sean Ward 0-0: Ball
1-0: Ball
2-0: Ball
3-0: Called Strike
3-1: Fielders Choice at 2nd, 6-4 (Groundball, 6, EV 85.0 MPH)
Top of the 3rd over - 0 runs, 0 hits, 0 errors, 1 left on base; Baltimore (APP) 1 - Pulaski 0
BOTTOM OF THE 3RD
Pulaski Yankees batting - Pitching for Baltimore (APP) Orioles : RHP Justin Bright
Batting: LHB Aaron Caron 0-0: Ball
1-0: Ball
2-0: Ball
3-0: Called Strike
3-1: Base on Balls
Batting: RHB Stephen Charbonneau 0-0: Ball
1-0: Swinging Strike
1-1: Foul Ball, location: 2F
1-2: Ball
2-2: SINGLE (Line Drive, 89S, EV 101.9 MPH)
Aaron Caron to second
Aaron Caron to third
Batting: LHB Yao-pang Tien 0-0: Foul Ball, location: 2F
Pickoff Throw to First - Error! E1
Aaron Caron scores
Stephen Charbonneau to second
0-1: Foul Ball, location: 2F
0-2: Ball
1-2: Foul Ball, location: 2F
1-2: Ball
2-2: Ball
3-2: Base on Balls
Batting: LHB Javier Casas 0-0: Ball
1-0: SINGLE (Groundball, 6D, EV 94.4 MPH)
Stephen Charbonneau to third
Yao-pang Tien to second
Batting: LHB Jelle Meppelink 0-0: Ball
1-0: Ball
2-0: SINGLE (Groundball, 4D, EV 105.0 MPH)
Stephen Charbonneau scores
Yao-pang Tien to third
Javier Casas to second
Runner from 3rd tries for Home, SAFE, throw by CF to home
Batting: RHB Miguel Leal 0-0: Foul Ball, location: 2F
0-1: Ball
1-1: Ball
2-1: Ball
3-1: Base on Balls
Javier Casas to third
Jelle Meppelink to second
Pitching: LHP Shane Cale
Batting: RHB Raul Bueno 0-0: Ball
1-0: Ball
2-0: Ball
3-0: Base on Balls
Javier Casas scores
Jelle Meppelink to third
Miguel Leal to second
Batting: SHB Ramon Landeros 0-0: Ball
1-0: Grounds into fielders choice 1-2 (Groundball, 15S, EV 67.5 MPH)
Miguel Leal to third
Raul Bueno to second
Batting: RHB Gomes Povoena 0-0: Fielders Choice at 2nd, 3-6 (Groundball, 34, EV 88.1 MPH)
Miguel Leal scores
Raul Bueno to third
Batting: LHB Aaron Caron 0-0: Ball
1-0: Called Strike
1-1: Ball
2-1: Swinging Strike
2-2: Foul Ball, location: 2F
2-2: Ball
3-2: Foul Ball, location: 2F
3-2: Fly out, F9 (Flyball, 9S, EV 85.0 MPH)
Bottom of the 3rd over - 5 runs, 3 hits, 1 error, 2 left on base; Baltimore (APP) 1 - Pulaski 5
TOP OF THE 4TH
Baltimore (APP) Orioles batting - Pitching for Pulaski Yankees : LHP Juan Becerra
Batting: RHB Andres Cervantes 0-0: Ball
1-0: Foul Ball, location: 2F
1-1: SINGLE (Line Drive, 34D, EV 94.4 MPH)
Batting: RHB Joel Escalera 0-0: Ball
1-0: DOUBLE (Flyball, 89XD, EV 106.9 MPH)
Andres Cervantes to third
Batting: RHB Evan Combs 0-0: Foul Ball, location: 2F
0-1: Swinging Strike
0-2: Strikes out swinging
Batting: RHB Brett Steele 0-0: Called Strike
0-1: Ball
1-1: Fly out, F8 (Flyball, 89D, EV 106.9 MPH)
Runner from 3rd tags up, SCORES, throw by CF
Joel Escalera to third
Batting: RHB Rafael Medina 0-0: Foul Ball, location: 2F
0-1: SINGLE (Line Drive, 7S, EV 93.1 MPH)
Joel Escalera scores
Batting: RHB Eric Meijerink 0-0: Ball
1-0: Ball
2-0: Foul Ball, location: 2F
2-1: Called Strike
2-2: Fly out, F8 (Line Drive, 8RD, EV 104.4 MPH)
Top of the 4th over - 2 runs, 3 hits, 0 errors, 1 left on base; Baltimore (APP) 3 - Pulaski 5
BOTTOM OF THE 4TH
Pulaski Yankees batting - Pitching for Baltimore (APP) Orioles : LHP Shane Cale
Batting: RHB Stephen Charbonneau 0-0: Fly out, F8 (Flyball, 8LS, EV 93.1 MPH)
Batting: LHB Yao-pang Tien 0-0: Called Strike
0-1: Ball
1-1: Foul Ball, location: 2F
1-2: Ball
2-2: DOUBLE (Line Drive, 8RXD, EV 100.6 MPH)
Batting: LHB Javier Casas 0-0: Ball
1-0: Ball
2-0: Called Strike
2-1: Foul Ball, location: 2F
2-2: Strikes out looking
Batting: LHB Jelle Meppelink 0-0: Ball
1-0: Ball
2-0: Ball
3-0: Called Strike
3-1: Called Strike
3-2: Foul Ball, location: 2F
3-2: SINGLE (Groundball, 34D, EV 105.0 MPH)
Yao-pang Tien to third
Yao-pang Tien scores
Batting: RHB Miguel Leal 0-0: Called Strike
0-1: Ball
1-1: Called Strike
1-2: Foul Ball, location: 2F
1-2: Ball
2-2: Foul Ball, location: 2F
2-2: Ball
Jelle Meppelink is caught stealing 2nd base 2-4
Bottom of the 4th over - 1 run, 2 hits, 0 errors, 0 left on base; Baltimore (APP) 3 - Pulaski 6
TOP OF THE 5TH
Baltimore (APP) Orioles batting - Pitching for Pulaski Yankees : LHP Juan Becerra
Batting: LHB Stu Sornson 0-0: Ball
1-0: Called Strike
1-1: Swinging Strike
1-2: Strikes out swinging
Batting: RHB Omar Mascarenas 0-0: Called Strike
0-1: Foul Ball, location: 2F
0-2: Ball
1-2: Foul Ball, location: 2F
1-2: Ground out 6-3 (Groundball, 6, EV 81.3 MPH)
Batting: RHB Sean Ward 0-0: Called Strike
0-1: Ball
1-1: Ball
2-1: Foul Ball, location: 2F
2-2: Ball
3-2: Foul Ball, location: 2F
3-2: Foul Ball, location: 2F
3-2: Fly out, F8 (Flyball, 8LD, EV 93.1 MPH)
Top of the 5th over - 0 runs, 0 hits, 0 errors, 0 left on base; Baltimore (APP) 3 - Pulaski 6
BOTTOM OF THE 5TH
Pulaski Yankees batting - Pitching for Baltimore (APP) Orioles : LHP Shane Cale
Batting: RHB Miguel Leal 0-0: Ball
1-0: Foul Ball, location: 2F
1-1: Ball
2-1: SINGLE (Line Drive, 6MD, EV 94.4 MPH)
Batting: RHB Raul Bueno 0-0: Foul Ball, location: 2F
0-1: Ball
1-1: Ball
2-1: Swinging Strike
2-2: Foul Ball, location: 2F
2-2: Foul Ball, location: 2F
2-2: Fly out, F8 (Flyball, 8LD, EV 95.6 MPH)
Batting: SHB Ramon Landeros 0-0: Ball
1-0: Ground out 6-3 (Groundball, 6MS, EV 78.8 MPH)
Miguel Leal to second
Pitching: RHP Chance McCoy
Batting: RHB Gomes Povoena 0-0: Foul Ball, location: 2F
0-1: Foul Ball, location: 2F
0-2: SINGLE (Line Drive, 8RS, EV 97.5 MPH)
Miguel Leal to third
Runner from 3rd tries for Home, SAFE, throw by CF to home
Gomes Povoena to second
Batting: LHB Aaron Caron 0-0: Ball
Wild Pitch!
Gomes Povoena to third
1-0: Ball
2-0: Ball
3-0: Foul Ball, location: 2F
3-1: Base on Balls
Batting: RHB Stephen Charbonneau 0-0: Fly out, F9 (Flyball, 9S, EV 82.5 MPH)
Bottom of the 5th over - 1 run, 2 hits, 0 errors, 2 left on base; Baltimore (APP) 3 - Pulaski 7
TOP OF THE 6TH
Baltimore (APP) Orioles batting - Pitching for Pulaski Yankees : LHP Juan Becerra
Batting: RHB Andres Cervantes 0-0: Foul Ball, location: 2F
0-1: Ball
1-1: Ball
2-1: Ball
3-1: Base on Balls
Batting: RHB Joel Escalera 0-0: Fly out, F8 (Flyball, 78M, EV 83.8 MPH)
Batting: RHB Evan Combs 0-0: Foul Ball, location: 2F
0-1: Foul Ball, location: 2F
0-2: Ball
1-2: Fly out, F9 (Line Drive, 9D, EV 93.1 MPH)
Batting: RHB Brett Steele 0-0: Ball
1-0: Ball
2-0: Ball
3-0: Base on Balls
Andres Cervantes to second
Batting: RHB Rafael Medina 0-0: Called Strike
0-1: Fly out, F8 (Flyball, 8RD, EV 102.5 MPH)
Top of the 6th over - 0 runs, 0 hits, 0 errors, 2 left on base; Baltimore (APP) 3 - Pulaski 7
BOTTOM OF THE 6TH
Pulaski Yankees batting - Pitching for Baltimore (APP) Orioles : RHP Chance McCoy
Batting: LHB Yao-pang Tien 0-0: Ball
1-0: Called Strike
1-1: Ball
2-1: Foul Ball, location: 2F
2-2: Foul Ball, location: 2F
2-2: Ball
3-2: Base on Balls
Batting: LHB Javier Casas 0-0: Ball
1-0: Ball
2-0: Ball
3-0: Called Strike
3-1: Base on Balls
Yao-pang Tien to second
Pitching: RHP Alberto Gomez
Batting: LHB Jelle Meppelink 0-0: Ball
1-0: Ball
2-0: Foul Ball, location: 2F
2-1: Foul Ball, location: 2F
2-2: Foul Ball, location: 2F
2-2: Ball
3-2: Fly out, F8 (Flyball, 8LD, EV 100.0 MPH)
Batting: RHB Miguel Leal 0-0: Called Strike
0-1: Ball
1-1: Ball
2-1: Foul Ball, location: 2F
2-2: Fielders Choice at 2nd, 4-6 (Groundball, 34, EV 88.1 MPH)
Yao-pang Tien to third
Batting: RHB Raul Bueno 0-0: Called Strike
0-1: Ball
1-1: Ball
2-1: Foul Ball, location: 2F
2-2: Ground out 4-3 (Groundball, 4, EV 81.9 MPH)
Bottom of the 6th over - 0 runs, 0 hits, 0 errors, 2 left on base; Baltimore (APP) 3 - Pulaski 7
TOP OF THE 7TH
Baltimore (APP) Orioles batting - Pitching for Pulaski Yankees : LHP Juan Becerra
Pitching: LHP Eric Blais
Batting: RHB Eric Meijerink 0-0: Ball
1-0: Ground out 4-3 (Groundball, 4, EV 83.8 MPH)
Batting: LHB Stu Sornson 0-0: SINGLE (Groundball, 15S, EV 71.9 MPH) (infield hit)
Batting: RHB Omar Mascarenas 0-0: Called Strike
0-1: Fly out, F8 (Flyball, 8RD, EV 87.5 MPH)
Batting: RHB Sean Ward 0-0: Called Strike
0-1: Ball
1-1: Foul Ball, location: 2F
1-2: Foul Ball, location: 2F
1-2: DOUBLE (Flyball, 8RXD, EV 106.3 MPH)
Stu Sornson to third
Batting: RHB Andres Cervantes 0-0: Foul Ball, location: 2F
0-1: TRIPLE (Line Drive, 78XD, EV 111.3 MPH)
Stu Sornson scores
Sean Ward scores
Batting: RHB Joel Escalera 0-0: Foul Ball, location: 2F
0-1: Ball
1-1: Ball
2-1: Ball
3-1: Base on Balls
Batting: RHB Evan Combs 0-0: Ball
1-0: Called Strike
1-1: DOUBLE (Line Drive, 89XD, EV 104.4 MPH)
Andres Cervantes scores
Joel Escalera to third
Runner from 3rd tries for Home, SAFE, no throw by CF
Batting: RHB Brett Steele 0-0: Foul Ball, location: 2F
0-1: Ground out 6-3 (Groundball, 6, EV 105.0 MPH)
Top of the 7th over - 4 runs, 4 hits, 0 errors, 1 left on base; Baltimore (APP) 7 - Pulaski 7
BOTTOM OF THE 7TH
Pulaski Yankees batting - Pitching for Baltimore (APP) Orioles : RHP Alberto Gomez
Batting: SHB Ramon Landeros 0-0: Called Strike
0-1: Foul Ball, location: 2F
0-2: Ball
1-2: Ball
2-2: Foul Ball, location: 2F
2-2: Strikes out swinging
Batting: RHB Gomes Povoena 0-0: Called Strike
0-1: Foul Ball, location: 2F
0-2: Ball
1-2: Ball
2-2: Strikes out swinging, 2-3 out at first.
Batting: LHB Aaron Caron 0-0: Called Strike
0-1: Ball
1-1: Ball
2-1: Swinging Strike
2-2: Foul Ball, location: 2F
2-2: Ball
3-2: Foul Ball, location: 2F
3-2: SINGLE (Line Drive, 89S, EV 96.3 MPH)
Batting: RHB Stephen Charbonneau 0-0: Ball
1-0: Called Strike
1-1: Foul Ball, location: 2F
1-2: Ball
2-2: Ball
3-2: Strikes out swinging
Bottom of the 7th over - 0 runs, 1 hit, 0 errors, 1 left on base; Baltimore (APP) 7 - Pulaski 7
TOP OF THE 8TH
Baltimore (APP) Orioles batting - Pitching for Pulaski Yankees : LHP Eric Blais
Batting: RHB Rafael Medina 0-0: Foul Ball, location: 2F
0-1: Ground out 3-1 (Groundball, 34, EV 106.9 MPH)
Batting: RHB Eric Meijerink 0-0: Ball
1-0: SINGLE (Groundball, 34D, EV 97.5 MPH)
Batting: LHB Stu Sornson 0-0: Called Strike
0-1: Ball
1-1: SINGLE (Line Drive, 7S, EV 91.9 MPH)
Eric Meijerink to second
Batting: RHB Omar Mascarenas 0-0: Called Strike
0-1: Foul Ball, location: 2F
0-2: Ball
1-2: Ball
2-2: Ball
3-2: Foul Ball, location: 2F
3-2: Foul Ball, location: 2F
3-2: Base on Balls
Eric Meijerink to third
Stu Sornson to second
Batting: RHB Sean Ward 0-0: Ball
1-0: Ball
2-0: GRAND SLAM HOME RUN (Flyball, 9D, EV 93.8 MPH), Distance : 372 ft
Pitching: LHP Zack Berney
Batting: RHB Andres Cervantes 0-0: Foul Ball, location: 2F
0-1: Ball
1-1: Ball
2-1: Foul Ball, location: 2F
2-2: Ball
3-2: Base on Balls
Batting: RHB Joel Escalera 0-0: Called Strike
Andres Cervantes steals 2nd base
0-1: Ball
1-1: Ground out 5-3 (Groundball, 56S, EV 68.1 MPH)
Andres Cervantes to third
Batting: RHB Evan Combs 0-0: Called Strike
0-1: Fly out, F8 (Flyball, 8LD, EV 86.3 MPH)
Top of the 8th over - 4 runs, 3 hits, 0 errors, 1 left on base; Baltimore (APP) 11 - Pulaski 7
BOTTOM OF THE 8TH
Pulaski Yankees batting - Pitching for Baltimore (APP) Orioles : RHP Alberto Gomez
Pitching: RHP Ryan Poklemba
Batting: LHB Yao-pang Tien 0-0: Ball
1-0: Ball
2-0: Called Strike
2-1: Called Strike
2-2: DOUBLE (Groundball, 3L, EV 96.3 MPH)
Batting: LHB Javier Casas 0-0: Ball
1-0: Called Strike
1-1: Called Strike
1-2: Strikes out looking
Batting: LHB Jelle Meppelink 0-0: Foul Ball, location: 2F
0-1: Ball
1-1: Ball
2-1: Foul Ball, location: 2F
2-2: Ball
3-2: Strikes out looking
Batting: RHB Miguel Leal 0-0: SINGLE (Line Drive, 56D, EV 98.1 MPH)
Yao-pang Tien to third
Runner from 3rd tries for Home, SAFE, throw by LF to home
Batting: RHB Raul Bueno 0-0: Ball
1-0: Ball
2-0: Ball
3-0: Called Strike
3-1: Base on Balls
Miguel Leal to second
Batting: SHB Ramon Landeros 0-0: Ball
1-0: Foul Ball, location: 2F
1-1: SINGLE (Line Drive, 3D, EV 95.0 MPH)
Miguel Leal to third
Raul Bueno to second
Runner from 3rd tries for Home, SAFE, throw by RF to home
Pinch Hitting: LHB Vinny Pena 0-0: Foul Ball, location: 2F
0-1: Foul Ball, location: 2F
0-2: Foul Ball, location: 2F
0-2: SINGLE (Groundball, 34D, EV 110.0 MPH)
Raul Bueno to third
Ramon Landeros to second
Runner from 3rd tries for Home, SAFE, throw by RF to home
Batting: LHB Aaron Caron 0-0: Ball
1-0: Ball
2-0: Swinging Strike
2-1: Foul Ball, location: 2F
2-2: Strikes out swinging
Bottom of the 8th over - 3 runs, 4 hits, 0 errors, 2 left on base; Baltimore (APP) 11 - Pulaski 10
TOP OF THE 9TH
Baltimore (APP) Orioles batting - Pitching for Pulaski Yankees : LHP Zack Berney
Now at C: David Rodriquez
Batting: RHB Brett Steele 0-0: Ball
1-0: Called Strike
1-1: Ball
2-1: Ball
3-1: Base on Balls
Batting: RHB Rafael Medina 0-0: Ball
1-0: Called Strike
Brett Steele steals 2nd, throwing error, E2
Brett Steele to third
1-1: Ball
2-1: Ground out 4-3 (Groundball, 4, EV 91.3 MPH)
Batting: RHB Eric Meijerink 0-0: Intentional Walk
Batting: LHB Stu Sornson 0-0: Ball
1-0: Foul Ball, location: 2F
1-1: Ball
2-1: Ball
3-1: Foul Ball, location: 2F
3-2: Foul Ball, location: 2F
3-2: Fly out, F4 (Popup, 4MD, EV 67.5 MPH)
Batting: RHB Omar Mascarenas 0-0: Ball
1-0: 3-RUN HOME RUN (Flyball, 7LD, EV 106.9 MPH), Distance : 357 ft
Batting: RHB Sean Ward 0-0: Called Strike
0-1: Foul Ball, location: 2F
0-2: Foul Ball, location: 2F
0-2: DOUBLE (Line Drive, 89XD, EV 111.9 MPH)
Batting: RHB Andres Cervantes 0-0: Ball
1-0: Foul Ball, location: 2F
1-1: DOUBLE (Line Drive, 7LD, EV 103.8 MPH)
Sean Ward scores
Batting: RHB Joel Escalera 0-0: Ground out 6-3 (Groundball, 6, EV 84.4 MPH)
Top of the 9th over - 4 runs, 3 hits, 1 error, 1 left on base; Baltimore (APP) 15 - Pulaski 10
BOTTOM OF THE 9TH
Pulaski Yankees batting - Pitching for Baltimore (APP) Orioles : RHP Ryan Poklemba
Batting: RHB Stephen Charbonneau 0-0: Called Strike
0-1: Ball
1-1: Ball
2-1: Ball
3-1: Base on Balls
Pitching: RHP Kevin Akins
Batting: LHB Yao-pang Tien 0-0: Foul Ball, location: 2F
0-1: Ball
1-1: Foul Ball, location: 2F
1-2: Fielders Choice at 2nd, 6-4 (Groundball, 6, EV 106.9 MPH)
Batting: LHB Javier Casas 0-0: Ball
1-0: Foul Ball, location: 2F
1-1: SINGLE (Groundball, 5D, EV 102.5 MPH)
Yao-pang Tien to second
Batting: LHB Jelle Meppelink 0-0: Called Strike
0-1: Foul Ball, location: 2F
0-2: Strikes out swinging
Batting: RHB Miguel Leal 0-0: Ball
1-0: Called Strike
1-1: Ground out 5-3 (Groundball, 56S, EV 84.4 MPH)
Bottom of the 9th over - 0 runs, 1 hit, 0 errors, 2 left on base; Baltimore (APP) 15 - Pulaski 10
Sunday, July 16th , 2023 - OOTP Baseball 24.6 Build 69